cohdb
Replays
Latest Replays
All Replays
Popular Replays
Top Player Replays
Match Explorer
How It Works
Community
CoH3 Stats
Reddit
Sign in to upload your games and track your stats! →
Sign in with Steam
Match 46649384
Unlisted
Match 46649384
Overview
Messages
Build Orders
End
Kradschützen Motorcycle Team
Selects Panzerjäger Kommand Battlegroup
Selects Mine Fields
Panzerpioneer Squad
250 Light Carrier
Construct Light Support Kompanie
Assault Grenadier Squad
Fire Support Elements
Veteran Squad Leaders
Flakvierling Half-track
2.5-tonne Medical Truck
Panzerjäger Mechanized Group
Selects Tank Busters
Selects Defensive Positions
Selects Crew Shock Tactics
le.IG 18 Support Gun Team
Panzerjäger Squad
Construct Panzerarmee Kommand
Assault Mechanized Group
Panzer III L Medium Tank
Selects Anti-tank Overwatch
Selects Defensive Positions
Demi
Billy Mitchell
-AL- Nimahfrosch
aSIIDemolitionHammer
0
0
Comments
sign in to comment!
No comments posted yet!